 Dungeon Crawl Stone Soup version 0.17.1-3-g152610e (webtiles) character file.

18510 dobroeutro the Protected (level 12, -7/80 HPs)
             Began as a Gargoyle Fighter on Apr 23, 2016.
             Was a High Priest of the Shining One.
             Killed from afar by Frances (43 damage)
             ... with an iron shot
             ... on level 13 of the Dungeon.
             The game lasted 00:24:38 (9834 turns).

dobroeutro the Protected (Gargoyle Fighter)         Turns: 9834, Time: 00:24:41

Health: -7/80      AC: 28    Str: 35      XL:     12   Next: 59%
Magic:  10/12      EV:  9    Int:  6 (8)  God:    the Shining One [*****.]
Gold:   714        SH:  6    Dex: 17      Spells: 0 memorised, 11 levels left

rFire  + . .     SeeInvis +     R - +11 quarterstaff of Zester {flame, rC- Str+5}
rCold  x . .     Rnd*Rage +     U - +0 chain mail of the Evil One {rCorr Dex+5}
rNeg   + + +     SustAt   +     (shield currently unavailable)
rPois  ∞         Gourm    .     (helmet restricted)
rElec  +         Spirit   .     S - +2 cloak
rCorr  +         Warding  .     C - +2 pair of gloves {archery}
rMut   .         Stasis   .     (no boots)
MR     .....                    P - amulet of regeneration
Stlth  ..........               y - ring of protection from fire
                                L - ring of sustain attributes

@: mighty, divine shield, glowing, not resistant to hostile enchantments,
extremely unstealthy
A: antennae 1, see invisible, agile 1, berserk 1, negative energy resistance 1,
electricity resistance, spit poison 1, unbreathing, evolution 1, petrification
resistance, rot immunity, AC +8
a: Spit Poison, Divine Shield, Cleansing Flame, Summon Divine Warrior, Renounce
Religion


You were on level 13 of the Dungeon.
You worshipped the Shining One.
The Shining One was extremely pleased with you.
You were not hungry.

You visited 1 branch of the dungeon, and saw 13 of its levels.

You collected 714 gold pieces.

Inventory:

Hand Weapons
 N - a +3 flail
 R - the +11 quarterstaff of Zester (weapon) {flame, rC- Str+5}
   (You found it on level 8 of the Dungeon)

   It has been specially enchanted to burn those struck by it, causing extra
   injury to most foes and up to half again as much damage against particularly
   susceptible opponents.
   It affects your strength (+5).
   It makes you vulnerable to cold.
Missiles
 V - 7 javelins of penetration (quivered)
Armour
 c - a +0 shield
 C - a +2 pair of gloves of archery (worn)
 S - a +2 cloak (worn)
 U - the +0 chain mail of the Evil One (worn) {rCorr Dex+5}
   (You found it on level 13 of the Dungeon)

   It affects your dexterity (+5).
   It protects you from acid and corrosion.
Jewellery
 b - an uncursed amulet of resist mutation {unknown}
 y - a ring of protection from fire (right hand)
 z - an uncursed ring of teleportation
 L - a ring of sustain attributes (left hand)
 O - an uncursed amulet of guardian spirit
 P - an amulet of regeneration (around neck)
Wands
 f - a wand of disintegration (24)
 D - a wand of flame (9)
 G - a wand of frost (24)
 I - a wand of frost (29)
 Q - a wand of magic darts (26)
 T - a wand of frost (33)
Scrolls
 g - a scroll of fear
 h - 5 scrolls of teleportation
 j - 8 scrolls of remove curse
 k - 3 scrolls of magic mapping
 n - a scroll of amnesia
 o - 2 scrolls of noise
 q - 3 scrolls of immolation
 v - 2 scrolls of random uselessness
 w - 4 scrolls of enchant weapon
 x - a scroll of enchant armour
Potions
 i - a potion of agility
 l - 5 potions of curing
 r - 3 potions of brilliance
 t - a potion of lignification
 u - 3 potions of cancellation
 A - a potion of degeneration
 B - 2 potions of resistance {unknown}
 E - a potion of flight {unknown}
 H - 2 potions of invisibility {unknown}
 J - 2 potions of cure mutation {unknown}
 M - a potion of haste {unknown}
 X - a potion of poison {unknown}
Comestibles
 a - 7 fruits
 e - 12 bread rations
 m - 5 meat rations
 p - 4 chunks of flesh
 s - a beef jerky
 K - 6 slices of pizza


   Skills:
 + Level 11.4 Fighting
 - Level 8.9(9.6) Maces & Flails
 + Level 5.7(8.1) Staves
 + Level 11.6 Armour
 + Level 11.5 Shields


You had 11 spell levels left.
You didn't know any spells.

Dungeon Overview and Level Annotations

Branches:
Dungeon (13/15)            Temple (0/1) D:7            Lair (0/8) D:11
    Orc (0/4) D:10
 Vaults: D:13-14

Altars:
Ashenzari
Cheibriados
Dithmenos
Elyvilon
Gozag
Kikubaaqudgha
Makhleb
Okawaru
Qazlal
Ru
Trog
Xom
Yredelemnul
Zin
The Shining One

Shops:
D:10 [   D:13 ?

Annotations:
D:13 Frances


Innate Abilities, Weirdness & Mutations

You are resistant to torment.
Your stone body is resilient (AC +8).
You are immune to poison.
You resist negative energy.
You are resistant to electric shocks.
You can survive without breathing.
You are immune to petrification.
You are immune to rotting.
You have a pair of small antennae on your head.
You have supernaturally acute eyesight.
You are agile. (Dex +2)
You tend to lose your temper in combat.
You can spit weak poison.
You evolve.


Message History

Drink which item? (? for menu, Esc to quit)
You feel very mighty all of a sudden. The neqoxec gestures at you.
You feel somewhat dopey. Something feeds on your intellect!
Frances mutters a nigh-unspeakable word.
Frances hits you with a trident!
* * * LOW HITPOINT WARNING * * *
Drink which item? (? for menu, Esc to quit)
You feel much better. Frances closely misses you.
You sock Frances! You burn Frances.
Frances is severely wounded.
You block Frances's attack.
You bludgeon Frances!! You burn Frances.
Frances is severely wounded.
Frances closely misses you.
Frances screams a word of power!
The iron shot hits you!
Ouch! That really hurt!
You die...

#.# ..# ####/#
+### ### #.>..#
....# ...
##'##### ###....#
#.##......#
#.'....#
#..#..)...# ###.#
#.'......# #{5.#
###.((...####3###
#......'†@@3#
#...(..######
########


You could see Frances, a smoke demon, a neqoxec and a quasit.

Vanquished Creatures
  Nessos (D:13)
  A hydra (D:11)
  2 hill giants
  Pikel (D:4)
  A cyclops (D:12)
  Maurice (D:8)
  An ugly thing (D:12)
  2 gargoyles (D:12)
  A komodo dragon (D:12)
  4 trolls
  A merfolk (D:11)
  A two-headed ogre (D:9)
  A trapdoor spider zombie (D:12)
  Grinder (D:4)
  8 slime creatures (D:12)
  A deep elf mage (D:12)
  2 shadows (D:11)
  Sigmund (D:3)
  A wyvern (D:7)
  6 hippogriffs
  6 yaks
  Eustachio (D:5)
  4 vampire mosquitoes (D:13)
  A deep elf fighter (D:11)
  4 wargs (D:10)
  A steam dragon (D:12)
  2 water moccasins
  A soldier ant (D:12)
  A wasp (D:10)
  3 orc warriors
  4 sky beasts
  An ogre (D:11)
  An eye of draining (D:11)
  2 phantoms
  A black bear (D:8)
  7 ice beasts
  A necrophage (D:6)
  The ghost of Charly the Insei, an amateur DsTm (D:4)
  4 centaurs
  A brain worm (D:13)
  A crocodile (D:13)
  4 big kobolds
  5 giant frogs
  3 scorpions
  25 killer bees
  3 wights (D:7)
  7 crimson imps
  3 jellies
  3 hounds
  A centaur zombie (D:10)
  3 giant frog skeletons
  2 giant frog zombies
  11 orc wizards
  Crazy Yiuf (D:4)
  7 orc priests
  Ijyb (D:3)
  3 iguanas
  7 worker ants
  3 killer bee zombies
  4 hound skeletons
  14 adders
  3 gnolls
  3 river rats (D:11)
  A shadow imp (D:5)
  2 oozes
  2 adder skeletons
  A worm (D:2)
  6 giant geckos
  40 orcs
  11 bats (D:11)
  7 hobgoblins
  14 jackals
  12 kobolds
  2 quokkas (D:8)
  5 ball pythons
  A ball python skeleton (D:4)
  3 giant cockroaches
  A giant gecko zombie (D:6)
  3 giant newts
  3 goblins
  A quokka skeleton (D:5)
  11 rats
328 creatures vanquished.

Vanquished Creatures (collateral kills)
  An orc (D:10)
1 creature vanquished.

Grand Total: 329 creatures vanquished

Notes
Turn   | Place    | Note
--------------------------------------------------------------
     0 | D:1      | dobroeutro the Gargoyle Fighter began the quest for the Orb.
     0 | D:1      | Reached XP level 1. HP: 14/14 MP: 1/1
   127 | D:1      | Found a shattered altar of Ashenzari.
   384 | D:1      | Reached XP level 2. HP: 10/19 MP: 2/2
   721 | D:2      | Reached XP level 3. HP: 21/23 MP: 3/3
   781 | D:2      | Found an ancient bone altar of Kikubaaqudgha.
  1285 | D:2      | Found a shadowy altar of Dithmenos.
  1348 | D:3      | Noticed Ijyb
  1375 | D:3      | Killed Ijyb
  1375 | D:3      | Reached skill level 4 in Shields
  1375 | D:3      | Reached XP level 4. HP: 27/29 MP: 4/4
  1459 | D:3      | Found an opulent altar of Gozag.
  1459 | D:3      | Found a snail-covered altar of Cheibriados.
  1535 | D:3      | Found a burning altar of Makhleb.
  1738 | D:3      | Noticed Sigmund
  1782 | D:4      | Noticed Charly's ghost (amateur DsTm)
  1787 | D:5      | Entered Level 5 of the Dungeon
  1788 | D:5      | Found a basalt altar of Yredelemnul.
  1806 | D:5      | Reached XP level 5. HP: 18/33 MP: 5/5
  1843 | D:5      | Found a glowing golden altar of the Shining One.
  1876 | D:5      | Became a worshipper of the Shining One
  2014 | D:5      | You fall through a shaft!
  2032 | D:6      | Reached XP level 6. HP: 29/39 MP: 6/6
  2084 | D:6      | Noticed a necrophage
  2087 | D:6      | Killed a necrophage
  2100 | D:6      | Reached * piety under the Shining One
  2136 | D:6      | Reached skill level 5 in Armour
  2488 | D:6      | Found a bloodstained altar of Trog.
  2542 | D:6      | Reached skill level 5 in Shields
  2590 | D:5      | Reached XP level 7. HP: 44/44 MP: 7/7
  2650 | D:5      | Reached skill level 5 in Fighting
  2773 | D:5      | Found a stormy altar of Qazlal.
  3123 | D:4      | Noticed Eustachio
  3147 | D:5      | Killed Eustachio
  3218 | D:4      | Killed Charly's ghost
  3218 | D:4      | Reached XP level 8. HP: 47/51 MP: 8/8
  3285 | D:4      | Noticed Grinder
  3299 | D:4      | Paralysed by Grinder for 6 turns
  3320 | D:4      | Killed Grinder
  3320 | D:4      | Reached ** piety under the Shining One
  3320 | D:4      | Reached skill level 6 in Fighting
  3320 | D:4      | Reached skill level 5 in Maces & Flails
  3685 | D:4      | Noticed Crazy Yiuf
  3696 | D:4      | Killed Crazy Yiuf
  3764 | D:4      | Noticed a slave
  3765 | D:4      | Noticed a slave
  3767 | D:4      | Noticed Pikel
  3767 | D:4      | Noticed a slave
  3767 | D:4      | Noticed a slave
  3783 | D:4      | Killed Pikel
  3783 | D:4      | Reached XP level 9. HP: 49/56 MP: 9/9
  3897 | D:3      | Killed Sigmund
  3897 | D:3      | Reached skill level 7 in Fighting
  4235 | D:7      | Found a staircase to the Ecumenical Temple.
  4904 | D:7      | Reached skill level 8 in Shields
  5216 | D:8      | Got a fine quarterstaff
  5222 | D:8      | Identified the +11 quarterstaff of Zester {flame, rC- Str+5} (You found it on level 8 of the Dungeon)
  5269 | D:8      | Reached XP level 10. HP: 61/64 MP: 10/10
  5290 | D:8      | Noticed Maurice
  5304 | D:8      | Killed Maurice
  5339 | D:8      | Found a white marble altar of Elyvilon.
  5434 | D:8      | Found a glowing silver altar of Zin.
  5456 | D:8      | Found an iron altar of Okawaru.
  5580 | D:8      | Gained mutation: You are robust (+10% HP). [mutagenic meat]
  5581 | D:8      | Gained mutation: You have supernaturally acute eyesight. [mutagenic meat]
  5586 | D:8      | Gained mutation: You are agile. (Dex +2) [mutagenic meat]
  5587 | D:8      | Gained mutation: You tend to lose your temper in combat. [mutagenic meat]
  5588 | D:8      | Gained mutation: You have a pair of small antennae on your head. [mutagenic meat]
  6086 | D:9      | Reached *** piety under the Shining One
  6121 | D:9      | Reached skill level 9 in Armour
  6321 | D:9      | Found a shimmering altar of Xom.
  6395 | D:9      | Found a sacrificial altar of Ru.
  6672 | D:10     | Entered Level 10 of the Dungeon
  7125 | D:9      | Reached XP level 11. HP: 74/78 MP: 11/11
  7130 | D:9      | Gained mutation: You can spit weak poison. [mutagenic meat]
  7474 | D:10     | Found Gion's Armour Boutique.
  7553 | D:10     | Found a staircase to the Orcish Mines.
  7591 | D:10     | Reached skill level 10 in Armour
  8034 | D:11     | Found a staircase to the Lair.
  8087 | D:11     | Reached **** piety under the Shining One
  8087 | D:11     | Reached skill level 10 in Shields
  8142 | D:11     | Reached skill level 10 in Fighting
  8142 | D:11     | Reached skill level 1 in Staves
  8284 | D:11     | Noticed a hill giant
  8292 | D:11     | Killed a hill giant
  8320 | D:11     | Noticed a five-headed hydra
  8325 | D:11     | Killed a five-headed hydra
  8741 | D:12     | HP: 1/80 [slime creature (6)]
  8984 | D:12     | Gained mutation: You evolve. [mutagenic meat]
  8986 | D:12     | Lost mutation: You are robust (+10% HP). [mutagenic meat]
  9043 | D:12     | Reached XP level 12. HP: 43/79 MP: 12/12
  9178 | D:12     | Reached skill level 11 in Armour
  9424 | D:12     | Reached skill level 5 in Staves
  9631 | D:13     | Got a dazzling chain mail
  9642 | D:13     | Identified the +0 chain mail of the Evil One {rCorr Dex+5} (You found it on level 13 of the Dungeon)
  9717 | D:13     | Found Tecenlam's Magic Scroll Shop.
  9772 | D:13     | Noticed Nessos
  9783 | D:13     | Killed Nessos
  9788 | D:13     | Reached ***** piety under the Shining One
  9805 | D:13     | Noticed Frances
  9834 | D:13     | Killed from afar by Frances

Action                   |  1- 3 |  4- 6 |  7- 9 | 10-12 || total
-------------------------+-------+-------+-------+-------++-------
Melee: Flail             |   127 |   156 |   362 |       ||   645
       Quarterstaff      |       |       |     3 |   497 ||   500
Invok: Divine Shield     |       |       |       |     1 ||     1
Evoke: Wand              |       |       |       |     1 ||     1
  Use: Scroll            |       |       |     6 |    17 ||    23
       Potion            |       |       |       |     7 ||     7
 Stab: Paralysed         |       |       |       |     1 ||     1
  Eat: Chunk             |       |     4 |     6 |    28 ||    38
       Meat ration       |       |       |     1 |       ||     1
       Bread ration      |       |       |       |     1 ||     1
       Fruit             |       |       |       |     1 ||     1
